 Dungeon Crawl Stone Soup version 0.30.1-9-gdf580d7c3d (webtiles) character file.

Game seed: 13957068299651359934

375 Zalbag the Poker (level 6, 0/51 HPs)
             Began as a Minotaur Gladiator on Oct 16, 2023.
             Was a Follower of Makhleb.
             Slain by Grinder (1 damage)
             ... while paralysed by Grinder
             ... on level 4 of the Dungeon.
             The game lasted 00:06:39 (2819 turns).

Zalbag the Poker (Minotaur Gladiator)               Turns: 2819, Time: 00:06:40

Health: 0/51       AC:  6    Str: 22    XL:     6   Next: 44%
Magic:  5/5        EV:  2    Int:  5    God:    Makhleb [*.....]
Gold:   249        SH:  0    Dex: 12    Spells: 5/5 levels left

rFire   + . .        x - +4 hand axe of the Mordant God {freeze, rF+ Str+2}
rCold   . . .        (no shield)
rNeg    . . .        A - +2 leather armour {rPois}
rPois   +            c - +0 hat
rElec   .            s - +0 cloak
rCorr   .            (no gloves)
SInv    .            (no boots)
Will    .....        (no amulet)
Stlth   +            (no ring)
HPRegen 0.28/turn    (no ring)
MPRegen 0.09/turn

%: no passive effects
@: paralysed
A: horns 2, retaliatory headbutt
a: Renounce Religion


You were on level 4 of the Dungeon.
You worshipped Makhleb.
Makhleb was aware of your devotion.
You visited 1 branch of the dungeon, and saw 4 of its levels.

You collected 249 gold pieces.

Inventory:

Hand Weapons
 a - a +0 trident
 l - a +0 sling
 r - a +2 short sword of speed
 x - the +4 hand axe of the Mordant God (weapon) {freeze, rF+ Str+2}
   (You found it on level 2 of the Dungeon)

   Str:       It affects your strength (+2).
   rF:        It protects you from fire.
Missiles
 d - 2 throwing nets (quivered)
 e - a javelin
 j - 32 stones
Armour
 b - a +0 leather armour
 c - a +0 hat (worn)
 h - a +0 scale mail
 s - a +0 cloak (worn)
 t - a scarf of harm
 A - a +2 leather armour of poison resistance (worn)
Jewellery
 i - a ring of protection from fire
 o - a +5 ring of evasion
 u - a ring of see invisible
 v - a +6 ring of dexterity
Scrolls
 f - 3 scrolls of fear {unknown}
 g - 3 scrolls of identify {unknown}
 k - 2 scrolls of blinking {unknown}
 n - a scroll of poison {unknown}
 p - a scroll of vulnerability {unknown}
 q - a scroll of fog {unknown}
 w - 3 scrolls of teleportation {unknown}
 y - 5 scrolls of immolation {unknown}
 z - a scroll of amnesia {unknown}
 D - 2 scrolls of enchant weapon {unknown}
Potions
 m - 3 potions of attraction {unknown}
 B - a potion of flight {unknown}
 C - a potion of mutation {unknown}
 E - a potion of cancellation {unknown}


   Skills:
 + Level 3.3 Fighting
 + Level 2.2(4.6) Axes
 - Level 6.4(6.6) Polearms
 - Level 2.1 Throwing
 - Level 1.2 Armour
 + Level 5.2 Dodging


You had 5 spell levels left.
You didn't know any spells.
Your spell library contained the following spells:

 Spells                   Type           Power      Damage    Failure   Level
 Sting                    Tmut/Pois      0%         1d3       52%         1
 Poisonous Vapours        Pois/Air       0%         N/A       67%         2
 Olgreb's Toxic Radiance  Pois           0%         N/A       99%         4


Dungeon Overview and Level Annotations

Branches:
Dungeon (4/15)
 Temple: D:4-7

Altars:
Makhleb

Annotations:
D:4 Grinder


Innate Abilities, Weirdness & Mutations

You have a pair of horns on your head.
You reflexively headbutt those who attack you in melee.


Message History

You suddenly lose the ability to move!
Grinder gestures at you.
You barely resist. Grinder gestures at you.
You shrug off the repeated paralysis!
Grinder gestures at you. Pain shoots through your body!
Grinder hits you but does no damage.
You can move again.
Throw: 3 throwing nets
Press: ? - help, Q - select action, (/) - cycle Shift-Dir - straight line, f - Grinder
Aim: Grinder (heavily wounded, 55% to hit)
You throw a throwing net.
The throwing net closely misses Grinder.
Grinder hits you.
You writhe in agony.
You hit Grinder. Your punch misses Grinder.
Grinder is heavily wounded.
Grinder gestures at you. Pain shoots through your body!
* * * LOW HITPOINT WARNING * * *
Unknown command.
You slash Grinder!
Grinder is severely wounded.
Grinder hits you.
* * * LOW HITPOINT WARNING * * *
Unknown command.
You closely miss Grinder. Your headbutt misses Grinder.
Grinder is severely wounded.
Grinder gestures at you. You resist with significant effort.
You completely miss Grinder.
Grinder is severely wounded.
Grinder gestures at you.
You suddenly lose the ability to move!
Grinder hits you.
* * * LOW HITPOINT WARNING * * *
Grinder hits you.
* * * LOW HITPOINT WARNING * * *
You writhe in agony.
You die...

##.## #... #.# ###. #.#
#. ##'## ## # ##...## #.
##.....## # #..
##......)## ##
###...####.........####.
(.....5@)).........'....
###...####.........####.
#... ##.......## ## #.#.
##.....## # #.. ##...##
# #. ##'## # # #.# # #.#
# #


You could see Grinder.

Vanquished Creatures
  Sigmund (D:2)
  Edmund (D:4)
  A gnoll (D:1)
  2 adders
  A worm (D:2)
  A dart slug (D:3)
  4 orcs (D:4)
  6 ball pythons
  6 bats
  3 endoplasms
  A giant cockroach (D:1)
  3 goblins
  2 hobgoblins
  4 quokkas
  5 frilled lizards
  8 kobolds
  10 rats
59 creatures vanquished.

Notes
Turn   | Place    | Note
-------+----------+-------------------------------------------
     0 | D:1      | Zalbag the Minotaur Gladiator began the quest for the Orb.
     0 | D:1      | Reached XP level 1. HP: 18/18 MP: 0/0
   103 | D:1      | Reached skill level 4 in Polearms
   103 | D:1      | Reached XP level 2. HP: 25/25 MP: 1/1
   714 | D:1      | Reached XP level 3. HP: 29/30 MP: 2/2
  1173 | D:2      | Noticed Sigmund
  1178 | D:2      | Killed Sigmund
  1179 | D:2      | Reached skill level 6 in Polearms
  1179 | D:2      | Reached XP level 4. HP: 33/37 MP: 3/3
  1179 | D:2      | Reached XP level 5. HP: 38/42 MP: 4/4
  1329 | D:2      | Identified the +4 hand axe of the Mordant God {freeze, rF+
                  | Str+2}
  1510 | D:2      | Found a burning altar of Makhleb.
  1844 | D:2      | Became a worshipper of Makhleb the Destroyer
  2170 | D:3      | Reached skill level 1 in Armour
  2510 | D:4      | Reached skill level 1 in Axes
  2579 | D:4      | Noticed Edmund
  2588 | D:4      | Killed Edmund
  2589 | D:4      | Reached skill level 5 in Dodging
  2589 | D:4      | Reached XP level 6. HP: 37/51 MP: 5/5
  2793 | D:4      | Noticed Grinder
  2796 | D:4      | Reached * piety under Makhleb
  2808 | D:4      | Paralysed by Grinder for 5 turns
  2817 | D:4      | Paralysed by Grinder for 4 turns
  2819 | D:4      | HP: 1/51 [Grinder (5)]
  2819 | D:4      | Slain by Grinder

Illustrated notes

Levels and vault maps discovered:
D:1:      spicycebolla_green_bress_n_ham, layout_basic
D:2:      layout_basic, basic_altar, uniq_sigmund
D:3:      minmay_evil_eye, layout_basic
D:4:      layout_loops_corners, amcnicky_altar_gilded, serial_shops,
          nicolae_shop_real_fake_doors, uniq_crazy_yiuf_cottage, uniq_edmund,
          uniq_grinder

Skill      XL: |  1  2  3  4  5 |
---------------+----------------+-----
Polearms       | 4 6 |  6.4
Dodging        | 4 5 |  5.2
Armour         | 1 |  1.2
Axes           | 2 |  2.2
Fighting       | 3 |  3.3
Throwing       | |  2.1

Action                     |  1- 3 |  4- 6 || total
---------------------------+-------+-------++-------
  Melee: Trident           |    56 |     4 ||    60
         Headbutt          |     8 |     5 ||    13
         Hand axe          |       |    61 ||    61
  Throw: Stone             |       |     2 ||     2
         Throwing net      |       |     1 ||     1
 Armour: Leather armour    |    14 |    17 ||    31
         Scale mail        |       |     5 ||     5
  Dodge: Dodged            |    18 |    26 ||    44
